Atomiques vs Tamiflu (R1)

Created - April 24, 2017 at 20:57

Goals
1 2 3 T
Atomiques 2 1 0 3
Tamiflu 0 2 3 5
Shots
1 2 3 T
Atomiques 12 13 10 35
Tamiflu 11 14 7 32

1st period

1. Atomiques , Branko Radivojevic 44 (Mikael Backlund 64, Dwight King 35) at 10:56
2. Atomiques , Mikael Backlund 42 (Branko Radivojevic 51, Dwight King 36) at 19:36

Penalties :
No Penalty

2nd period

3. Atomiques , Tyler Brenner 29 (Dwight King 37, Eric Mestery 5) at 4:49
4. Tamiflu , Jamie Arniel 35 (Petr Pohl 52, Tye McGinn 34) at 8:58 (PP)
5. Tamiflu , Tye McGinn 29 (Justin Braun 23, Jamie Arniel 52) at 16:12

Penalties :
Roman Polak (STB) for High sticking (Minor) at 2:24, Dwight King (STB) for Goalie Interference (Minor) at 8:47, Dwight King (STB) for Hooking (Minor) at 16:49

3rd period

6. Tamiflu , Greg Mauldin 36 (Robert Dome 49, Jordan Hendry 38) at 2:35 (PP)
7. Tamiflu , Greg Mauldin 37 (Nino Niederreiter 22, Nathan Oystrick 30) at 11:30 (PP)
8. Tamiflu , Colin Greening 10 (Adam Larsson 11, Jan Mursak 14) at 19:20 (Empty Net)

Penalties :
Tyler Brenner (STB) for Hooking (Minor) at 2:02, Robert Dome (Det) for Hooking (Minor) at 3:13, Andrew Kozek (STB) for Delaying the game (Minor) at 5:31, Tye McGinn (Det) for Hooking (Minor) at 6:26, Colby Cohen (STB) for Holding (Minor) at 11:13, Lucas Lessio (Det) for Hooking (Minor) at 13:44, Tyler Brenner (STB) for High sticking (Minor) at 16:40

Goalie Stats

Sergei Bobrovsky (STB), 27 saves from 31 shots - (0.871), L, 28-29-6, 59:42 minutes
Thomas Greiss (Det), 32 saves from 35 shots - (0.914), W, 31-21-9, 60:00 minutes

Players Stats for Atomiques

Player Name              G  A  P  +/- PIM S  H  SB GA TA FO     MP     PP MP  PK MP  
------------------------------------------------------------------------------------
Alex Berry               0  0  0   0  0   3  0  1  0  0  0/0     9:47   0:00   0:00 
Andrew Kozek             0  0  0   0  2   0  2  1  0  0  0/0    11:08   0:12   1:10 
Anthony Nigro            0  0  0   0  0   0  0  0  0  0  0/0     0:22   0:12   0:00 
Bobby Farnham            0  0  0   0  0   0  0  0  0  0  0/0     7:26   0:00   0:00 
Branko Radivojevic       1  1  2   0  0   3  3  0  0  2  8/14   23:30   2:23   4:46 
Brett Sutter             0  0  0   0  0   1  0  1  0  0  0/0     8:19   0:00   0:53 
Colby Cohen              0  0  0   0  2   0  3  0  0  0  0/0    10:30   0:00   0:51 
Darren Kramer            0  0  0   0  0   0  0  0  0  0  0/0     0:00   0:00   0:00 
Davis Drewiske           0  0  0   1  0   2  1  1  1  1  0/0    26:49   3:05   4:39 
Dmitri Orlov             0  0  0   0  0   0  1  0  0  0  0/0    10:14   0:00   0:27 
Dwight King              0  3  3   1  4   0  5  0  1  0  0/0    20:11   2:23   1:14 
Eric Mestery             0  1  1   1  0   1  0  1  0  1  0/0     5:02   0:00   0:00 
Freddie Hamilton         0  0  0   0  0   0  0  0  0  0  0/0     0:22   0:12   0:00 
Fredrik Claesson         0  0  0   0  0   0  0  0  0  0  0/0     0:00   0:00   0:00 
John McCarthy            0  0  0   0  0   2  1  0  0  0  0/0     7:26   0:00   0:00 
Kenndal McArdle          0  0  0   0  0   3  2  1  0  0  0/0    14:51   2:18   0:00 
Kyle Wharton             0  0  0  -1  0   2  1  0  0  0  0/0    18:22   1:48   3:07 
Mac Bennett              0  0  0   1  0   0  0  1  0  0  0/0     5:02   0:00   0:00 
Marc-André Cliche        0  0  0   0  0   1  0  0  0  0  7/8     9:47   0:00   0:00 
Mikael Backlund          1  1  2   0  0   6  1  2  1  1  14/28  23:44   2:23   5:00 
Mitch Callahan           0  0  0   0  0   0  0  0  0  0  0/0     1:52   0:00   1:33 
Roman Polak              0  0  0   0  2   1  1  1  0  0  0/0    17:36   1:48   2:03 
Ryan Shannon             0  0  0   0  0   4  6  0  1  0  1/1    14:51   2:18   0:00 
Shawn Belle              0  0  0   1  0   2  1  1  1  0  0/0    26:49   3:05   4:39 
Tyler Brenner            1  0  1   1  4   4  1  2  0  0  3/10   16:56   2:18   1:10 

Players Stats for Tamiflu

Player Name              G  A  P  +/- PIM S  H  SB GA TA FO     MP     PP MP  PK MP  
------------------------------------------------------------------------------------
Adam Larsson             0  1  1   1  0   1  1  2  0  0  0/0    17:57   0:08   2:31 
Casey Wellman            0  0  0  -1  0   0  1  0  0  0  0/0     8:28   0:00   0:00 
Colin Greening           1  0  1   0  0   2  1  0  1  0  2/6     9:25   0:00   0:21 
Greg Mauldin             2  0  2  -1  0   3  1  0  0  1  5/15   19:15   3:54   0:47 
Jamie Arniel             1  1  2   0  0   2  2  0  0  0  15/23  18:32   3:43   1:03 
Jan Mursak               0  1  1   1  0   1  3  3  0  0  0/0    12:49   0:00   3:03 
Jordan Hendry            0  1  1   0  0   1  1  0  1  0  0/0    26:15   5:14   2:19 
Justin Braun             0  1  1   0  0   1  0  1  0  0  0/0    13:14   0:00   0:03 
Lucas Lessio             0  0  0  -1  2   0  0  0  0  0  0/1     9:08   0:00   0:23 
Mattias Tedenby          0  0  0   0  0   1  1  1  0  0  0/4     9:41   0:19   0:00 
Mike Duco                0  0  0   1  0   1  2  0  0  0  0/0    11:17   0:16   1:03 
Nathan Oystrick          0  1  1  -2  0   1  0  1  1  2  0/0    20:11   2:39   2:34 
Nino Niederreiter        0  1  1  -1  0   1  1  0  0  0  0/0    17:58   3:54   0:00 
Petr Pohl                0  1  1   0  0   8  4  1  0  0  5/9    21:04   3:51   2:45 
Philip Samuelsson        0  0  0   1  0   1  0  1  0  2  0/0    26:21   5:14   2:19 
Robert Dome              0  1  1  -1  2   4  1  0  2  0  0/1    18:09   3:54   0:00 
Stefan Elliott           0  0  0  -2  0   0  0  2  0  0  0/0    16:22   2:39   0:00 
Tye McGinn               1  1  2   0  2   4  3  0  0  0  1/2    17:54   3:39   0:21 

3 Stars

1 - Branko Radivojevic (STB)
2 - Greg Mauldin (Det)
3 - Jamie Arniel (Det)

Power Play

Atomiques - 0 on 3 Attempt(s) - 0.00%
Tamiflu - 3 on 7 Attempt(s) - 42.86%

Penalty Kill

Atomiques - 4 on 7 Attempt(s) - 57.14% - Score 0 goal in Penalty Kill
Tamiflu - 3 on 3 Attempt(s) - 100.00% - Score 0 goal in Penalty Kill

Team Stat

Atomiques - Hits : 29 - Faceoff Wins : 33 - Blocked Shots : 13 - Penalty Minutes : 14
Tamiflu - Hits : 22 - Faceoff Wins : 28 - Blocked Shots : 12 - Penalty Minutes : 6

Official

Referees : O'Halloran Dan and Meier Brad
Linesman : Shane Heyer and Ryan Galloway

Game Notes

Colin Greening has scored in a empty net!

Finance

Level 1 -- Attendance: 1513 (75.65%) -- Ticket Income $37,825
Level 2 -- Attendance: 709 (70.90%) -- Ticket Income $7,090
Total Attendance: 2222 (74.07%)
Total Ticket Income: $44,915
Other Income: $2,246
Total Income: $47,161

Atomiques

5 vs 5 Forward 
   Center                   Left Wing                Right Wing               Time % Phy DF OF 
 1 Mikael Backlund          Dwight King              Branko Radivojevic       40     1   2  2  
 2 Tyler Brenner            Kenndal McArdle          Ryan Shannon             30     1   2  2  
 3 Marc-André Cliche        Andrew Kozek             Alex Berry               20     1   2  2  
 4 Brett Sutter             John McCarthy            Bobby Farnham            10     1   2  2  

5 vs 5 Defense 
   Defense                  Defense                                           Time % Phy DF OF 
 1 Shawn Belle              Davis Drewiske                                    40     1   2  2  
 2 Kyle Wharton             Roman Polak                                       30     1   2  2  
 3 Colby Cohen              Dmitri Orlov                                      20     1   2  2  
 4 Eric Mestery             Mac Bennett                                       10     1   2  2  

PowerPlay Forward 
   Center                   Left Wing                Right Wing               Time % Phy DF OF 
 1 Mikael Backlund          Dwight King              Branko Radivojevic       60     1   2  2  
 2 Tyler Brenner            Kenndal McArdle          Ryan Shannon             40     1   2  2  

PowerPlay Defense
   Defense                  Defense                                           Time % Phy DF OF 
 1 Shawn Belle              Davis Drewiske                                    60     1   2  2  
 2 Kyle Wharton             Roman Polak                                       40     1   2  2  

Penalty Kill 4 Players Forward 
   Center                   Wing                     Time % Phy DF OF 
 1 Branko Radivojevic       Mikael Backlund          60     1   2  2  
 2 Tyler Brenner            Dwight King              40     1   2  2  

Penalty Kill 4 Players Defense
   Defense                  Defense                  Time % Phy DF OF 
 1 Shawn Belle              Davis Drewiske           60     1   2  2  
 2 Kyle Wharton             Roman Polak              40     1   2  2  

Penalty Kill - 3 Players Forward 
   Forward                                           Time % Phy DF OF 
 1 Branko Radivojevic                                60     1   2  2  
 2 Mikael Backlund                                   40     1   2  2  

Penalty Kill - 3 Players Defense
   Defense                  Defense                  Time % Phy DF OF 
 1 Shawn Belle              Davis Drewiske           60     1   2  2  
 2 Kyle Wharton             Roman Polak              40     1   2  2  

4 vs 4 Forward 
   Center                   Wing                     Time % Phy DF OF 
 1 Branko Radivojevic       Mikael Backlund          60     1   2  2  
 2 Tyler Brenner            Dwight King              40     1   2  2  

4 vs 4 Defense
   Defense                  Defense                  Time % Phy DF OF 
 1 Shawn Belle              Davis Drewiske           60     1   2  2  
 2 Kyle Wharton             Roman Polak              40     1   2  2  

Last Minutes Offensive
   Center                   Left Wing                Right Wing               Defense                  Defense                  
   Mikael Backlund          Dwight King              Branko Radivojevic       Shawn Belle              Davis Drewiske           

Last Minutes Defensive
   Center                   Left Wing                Right Wing               Defense                  Defense                  
   Mikael Backlund          Dwight King              Branko Radivojevic       Shawn Belle              Davis Drewiske           

Goaltenders
Starting : Sergei Bobrovsky         
Backup : Jeremy Smith             

Extra Forwards
Normal : Anthony Nigro, Freddie Hamilton, Mitch Callahan - PP : Anthony Nigro, Freddie Hamilton - PK : Mitch Callahan
Extra Defensemen
Normal : Fredrik Claesson, Colby Cohen, Dmitri Orlov - PP : Fredrik Claesson - PK : Colby Cohen, Dmitri Orlov
Penalty Shots
Branko Radivojevic, Mikael Backlund, Tyler Brenner, Dwight King, Kenndal McArdle

Scratches
Mike Halmo (Healthy), Max McCormick (Healthy), Joseph Cramarossa (Healthy)

Tamiflu

5 vs 5 Forward 
   Center                   Left Wing                Right Wing               Time % Phy DF OF 
 1 Greg Mauldin             Robert Dome              Nino Niederreiter        35     0   2  3  
 2 Jamie Arniel             Tye McGinn               Petr Pohl                35     0   2  3  
 3 Mattias Tedenby          Jan Mursak               Mike Duco                20     1   2  2  
 4 Colin Greening           Lucas Lessio             Casey Wellman            10     1   2  2  

5 vs 5 Defense 
   Defense                  Defense                                           Time % Phy DF OF 
 1 Philip Samuelsson        Jordan Hendry                                     40     1   2  2  
 2 Nathan Oystrick          Stefan Elliott                                    30     1   2  2  
 3 Justin Braun             Adam Larsson                                      20     1   2  2  
 4 Justin Braun             Adam Larsson                                      10     1   3  1  

PowerPlay Forward 
   Center                   Left Wing                Right Wing               Time % Phy DF OF 
 1 Greg Mauldin             Robert Dome              Nino Niederreiter        50     0   1  4  
 2 Jamie Arniel             Tye McGinn               Petr Pohl                50     0   1  4  

PowerPlay Defense
   Defense                  Defense                                           Time % Phy DF OF 
 1 Philip Samuelsson        Jordan Hendry                                     60     0   2  3  
 2 Stefan Elliott           Nathan Oystrick                                   40     0   2  3  

Penalty Kill 4 Players Forward 
   Center                   Wing                     Time % Phy DF OF 
 1 Petr Pohl                Jan Mursak               60     1   3  1  
 2 Jamie Arniel             Mike Duco                40     1   3  1  

Penalty Kill 4 Players Defense
   Defense                  Defense                  Time % Phy DF OF 
 1 Nathan Oystrick          Adam Larsson             50     1   3  1  
 2 Philip Samuelsson        Jordan Hendry            50     1   3  1  

Penalty Kill - 3 Players Forward 
   Forward                                           Time % Phy DF OF 
 1 Jan Mursak                                        60     1   4  0  
 2 Mike Duco                                         40     1   4  0  

Penalty Kill - 3 Players Defense
   Defense                  Defense                  Time % Phy DF OF 
 1 Nathan Oystrick          Jordan Hendry            60     1   4  0  
 2 Philip Samuelsson        Adam Larsson             40     1   4  0  

4 vs 4 Forward 
   Center                   Wing                     Time % Phy DF OF 
 1 Greg Mauldin             Petr Pohl                50     1   2  2  
 2 Robert Dome              Nino Niederreiter        50     1   2  2  

4 vs 4 Defense
   Defense                  Defense                  Time % Phy DF OF 
 1 Philip Samuelsson        Jordan Hendry            60     1   2  2  
 2 Nathan Oystrick          Justin Braun             40     1   2  2  

Last Minutes Offensive
   Center                   Left Wing                Right Wing               Defense                  Defense                  
   Greg Mauldin             Robert Dome              Petr Pohl                Philip Samuelsson        Jordan Hendry            

Last Minutes Defensive
   Center                   Left Wing                Right Wing               Defense                  Defense                  
   Jamie Arniel             Jan Mursak               Mike Duco                Philip Samuelsson        Nathan Oystrick          

Goaltenders
Starting : Thomas Greiss            
Backup : Joe Fallon               

Extra Forwards
Normal : Petr Pohl, Nino Niederreiter, Mike Duco - PP : Mattias Tedenby, Mike Duco - PK : Greg Mauldin
Extra Defensemen
Normal : Philip Samuelsson, Stefan Elliott, Adam Larsson - PP : Justin Braun - PK : Justin Braun, Stefan Elliott
Penalty Shots
Mattias Tedenby, Jamie Arniel, Robert Dome, Nino Niederreiter, Greg Mauldin

Scratches
Garrett Wilson (Healthy), Tanner Kero (Healthy), Greg McKegg (Healthy), Kyle Lawson (Healthy), Brett Bulmer (Healthy)
Stuart Percy (Healthy), Rich Clune (Healthy), Jerome Gauthier-Leduc (Healthy), Konrad Abeltshauser (Healthy), Phoenix Copley (Healthy)
Tyler Beskorowany (Healthy)

% Time on Ice - Atomiques

Lines # - Real PCT - Wanted PCT - Time Play
Normal Forward
1 - 33% - 40% - 15:17
2 - 29% - 30% - 13:18
3 - 21% - 20% - 9:47
4 - 16% - 10% - 7:26
Normal Defense
1 - 39% - 40% - 17:58
2 - 29% - 30% - 13:27
3 - 20% - 20% - 9:21
4 - 11% - 10% - 5:02
PP Forward
1 - 53% - 60% - 2:35
2 - 47% - 40% - 2:18
PP Defense
1 - 63% - 60% - 3:05
2 - 37% - 40% - 1:48
PK Forward
1 - 77% - 60% - 6:03
2 - 23% - 40% - 1:50
PK Defense
1 - 60% - 60% - 4:46
2 - 40% - 40% - 3:07
PK3 Forward
1 - 0% - 60%
2 - 0% - 40%
PK3 Defense
1 - 0% - 60%
2 - 0% - 40%
44 Forward
1 - 81% - 60% - 0:52
2 - 19% - 40% - 0:12
44 Defense
1 - 100% - 60% - 1:04
2 - 0% - 40% - 0:00
Last Minute Offensive  - 0:22
Last Minute Defensive  - 0:00
Total
Forward - 60:00
Defense - 60:00

% Time on Ice - Tamiflu

Lines # - Real PCT - Wanted PCT - Time Play
Normal Forward
1 - 31% - 35% - 14:13
2 - 30% - 35% - 13:48
3 - 20% - 20% - 9:05
4 - 19% - 10% - 8:28
Normal Defense
1 - 40% - 40% - 18:15
2 - 32% - 30% - 14:46
3 - 19% - 20% - 8:51
4 - 8% - 10% - 3:42
PP Forward
1 - 51% - 50% - 4:02
2 - 49% - 50% - 3:51
PP Defense
1 - 66% - 60% - 5:14
2 - 34% - 40% - 2:39
PK Forward
1 - 78% - 60% - 3:50
2 - 22% - 40% - 1:03
PK Defense
1 - 52% - 50% - 2:31
2 - 48% - 50% - 2:22
PK3 Forward
1 - 0% - 60%
2 - 0% - 40%
PK3 Defense
1 - 0% - 60%
2 - 0% - 40%
44 Forward
1 - 59% - 50% - 0:38
2 - 41% - 50% - 0:26
44 Defense
1 - 41% - 60% - 0:26
2 - 59% - 40% - 0:38
Last Minute Offensive  - 0:00
Last Minute Defensive  - 0:36
Total
Forward - 60:00
Defense - 60:00

Play by Play

1st period


0:01 of 1st period - Branko Radivojevic wins face-off versus Robert Dome in neutral zone.
0:26 of 1st period - Jordan Hendry is hit by Kenndal McArdle and loses puck.
0:49 of 1st period - Stefan Elliott is hit by Andrew Kozek and loses puck.
1:07 of 1st period - Slapshot by Nathan Oystrick.
1:07 of 1st period - Stopped by Sergei Bobrovsky with a rebound.
1:50 of 1st period - Branko Radivojevic is hit by Petr Pohl and loses puck.
2:13 of 1st period - Philip Samuelsson is hit by John McCarthy and loses puck.
2:34 of 1st period - Slapshot by Jamie Arniel.
2:34 of 1st period - Shot Blocked by Brett Sutter.
2:36 of 1st period - Wrist shot by Petr Pohl.
2:36 of 1st period - Shot Misses the Net.
2:38 of 1st period - Snap shot by Petr Pohl.
2:38 of 1st period - Stopped by Sergei Bobrovsky without a rebound.
2:39 of 1st period - Mikael Backlund wins face-off versus Greg Mauldin in Atomiques zone.
2:54 of 1st period - Wrist shot by Robert Dome.
2:54 of 1st period - Shot Blocked by Roman Polak.
3:04 of 1st period - Adam Larsson is hit by Ryan Shannon and loses puck.
3:13 of 1st period - Slapshot by Nathan Oystrick.
3:13 of 1st period - Shot Misses the Net.
4:08 of 1st period - Snap shot by Mike Duco.
4:08 of 1st period - Shot Blocked by Shawn Belle.
4:14 of 1st period - Slapshot by Branko Radivojevic.
4:14 of 1st period - Stopped by Thomas Greiss without a rebound.
4:15 of 1st period - Jamie Arniel wins face-off versus Tyler Brenner in Tamiflu zone.
4:22 of 1st period - Snap shot by Ryan Shannon.
4:22 of 1st period - Stopped by Thomas Greiss with a rebound.
4:26 of 1st period - Wrist shot by Tyler Brenner.
4:26 of 1st period - Deflect By Ryan Shannon.
4:26 of 1st period - Stopped by Thomas Greiss with a rebound.
4:28 of 1st period - Snap shot by Shawn Belle.
4:28 of 1st period - Shot Misses the Net.
5:01 of 1st period - Snap shot by Marc-André Cliche.
5:01 of 1st period - Shot Misses the Net.
5:03 of 1st period - Wrist shot by Eric Mestery.
5:03 of 1st period - Stopped by Thomas Greiss with a rebound.
5:05 of 1st period - Slapshot by Mac Bennett.
5:05 of 1st period - Shot Misses the Net.
5:27 of 1st period - Nathan Oystrick is hit by Andrew Kozek and loses puck.
5:34 of 1st period - Marc-André Cliche is hit by Colin Greening.
5:56 of 1st period - Mikael Backlund is hit by Tye McGinn and loses puck.
6:09 of 1st period - Mike Duco is hit by Ryan Shannon and loses puck.
6:34 of 1st period - Backhand shot by John McCarthy.
6:34 of 1st period - Shot Blocked by Adam Larsson.
6:36 of 1st period - Snap shot by Davis Drewiske.
6:36 of 1st period - Deflect By John McCarthy.
6:36 of 1st period - Shot Misses the Net.
6:36 of 1st period - Puck is out of play.
6:37 of 1st period - Branko Radivojevic wins face-off versus Greg Mauldin in Tamiflu zone.
7:37 of 1st period - Wrist shot by John McCarthy.
7:37 of 1st period - Deflect By Stefan Elliott.
7:37 of 1st period - Stopped by Thomas Greiss with a rebound.
8:05 of 1st period - Icing by Adam Larsson.
8:06 of 1st period - Mikael Backlund wins face-off versus Colin Greening in Tamiflu zone.
8:35 of 1st period - Snap shot by Greg Mauldin.
8:35 of 1st period - Stopped by Sergei Bobrovsky without a rebound.
8:36 of 1st period - Greg Mauldin wins face-off versus Tyler Brenner in Atomiques zone.
9:02 of 1st period - Philip Samuelsson is hit by Branko Radivojevic and loses puck.
9:30 of 1st period - Slapshot by Mikael Backlund.
9:30 of 1st period - Shot Blocked by Stefan Elliott.
9:32 of 1st period - Wrist shot by Branko Radivojevic.
9:32 of 1st period - Shot Misses the Net.
10:18 of 1st period - Snap shot by Mikael Backlund.
10:18 of 1st period - Shot Misses the Net.
10:26 of 1st period - Wrist shot by Mikael Backlund.
10:26 of 1st period - Stopped by Thomas Greiss with a rebound.
10:28 of 1st period - Snap shot by Dwight King.
10:28 of 1st period - Shot Misses the Net.
10:56 of 1st period - Wrist shot by Branko Radivojevic.
10:56 of 1st period - Goal by Branko Radivojevic - Atomiques : 1 - Tamiflu : 0.
10:57 of 1st period - Jamie Arniel wins face-off versus Tyler Brenner in neutral zone.
11:02 of 1st period - Ryan Shannon is hit by Petr Pohl and loses puck.
11:09 of 1st period - Wrist shot by Tye McGinn.
11:09 of 1st period - Deflect By Petr Pohl.
11:09 of 1st period - Stopped by Sergei Bobrovsky with a rebound.
11:11 of 1st period - Snap shot by Jamie Arniel.
11:11 of 1st period - Stopped by Sergei Bobrovsky with a rebound.
11:13 of 1st period - Snap shot by Petr Pohl.
11:13 of 1st period - Shot Blocked by Tyler Brenner.
11:28 of 1st period - Snap shot by Tyler Brenner.
11:28 of 1st period - Shot Misses the Net.
11:46 of 1st period - Slapshot by Mattias Tedenby.
11:46 of 1st period - Stopped by Sergei Bobrovsky with a rebound.
12:08 of 1st period - Slapshot by Tye McGinn.
12:08 of 1st period - Shot Blocked by Mac Bennett.
12:10 of 1st period - Wrist shot by Adam Larsson.
12:10 of 1st period - Stopped by Sergei Bobrovsky with a rebound.
12:12 of 1st period - Slapshot by Justin Braun.
12:12 of 1st period - Shot Misses the Net.
12:14 of 1st period - Slapshot by Justin Braun.
12:14 of 1st period - Stopped by Sergei Bobrovsky without a rebound.
12:15 of 1st period - Jamie Arniel wins face-off versus Marc-André Cliche in Atomiques zone.
12:25 of 1st period - Andrew Kozek is hit by Jamie Arniel and loses puck.
12:42 of 1st period - Bobby Farnham is hit by Jan Mursak and loses puck.
13:07 of 1st period - Wrist shot by Kenndal McArdle.
13:07 of 1st period - Stopped by Thomas Greiss without a rebound.
13:08 of 1st period - Tyler Brenner wins face-off versus Colin Greening in Tamiflu zone.
13:19 of 1st period - Wrist shot by Tyler Brenner.
13:19 of 1st period - Stopped by Thomas Greiss with a rebound.
13:21 of 1st period - Slapshot by Dmitri Orlov.
13:21 of 1st period - Deflect By Tyler Brenner.
13:21 of 1st period - Stopped by Thomas Greiss with a rebound.
13:23 of 1st period - Snap shot by Tyler Brenner.
13:23 of 1st period - Deflect By Kenndal McArdle.
13:23 of 1st period - Stopped by Thomas Greiss without a rebound.
13:24 of 1st period - Mikael Backlund wins face-off versus Tye McGinn in Tamiflu zone.
14:40 of 1st period - Slapshot by Tye McGinn.
14:40 of 1st period - Stopped by Sergei Bobrovsky with a rebound.
15:02 of 1st period - Snap shot by Mikael Backlund.
15:02 of 1st period - Shot Misses the Net.
16:02 of 1st period - Snap shot by Petr Pohl.
16:02 of 1st period - Stopped by Sergei Bobrovsky with a rebound.
16:44 of 1st period - Slapshot by Petr Pohl.
16:44 of 1st period - Deflect By Tye McGinn.
16:44 of 1st period - Shot Blocked by Eric Mestery.
16:44 of 1st period - Puck is out of play.
16:45 of 1st period - Greg Mauldin wins face-off versus Mikael Backlund in Atomiques zone.
17:10 of 1st period - Kyle Wharton is hit by Mike Duco.
18:13 of 1st period - Justin Braun is hit by Colby Cohen and loses puck.
18:20 of 1st period - Snap shot by Dwight King.
18:20 of 1st period - Shot Blocked by Mattias Tedenby.
18:48 of 1st period - Stefan Elliott is hit by Kenndal McArdle.
19:00 of 1st period - Snap shot by Tyler Brenner.
19:00 of 1st period - Shot Blocked by Nathan Oystrick.
19:30 of 1st period - Wrist shot by Mikael Backlund.
19:30 of 1st period - Shot Misses the Net.
19:32 of 1st period - Snap shot by Branko Radivojevic.
19:32 of 1st period - Shot Blocked by Justin Braun.
19:34 of 1st period - Wrist shot by Branko Radivojevic.
19:34 of 1st period - Shot Misses the Net.
19:36 of 1st period - Wrist shot by Mikael Backlund.
19:36 of 1st period - Goal by Mikael Backlund - Atomiques : 2 - Tamiflu : 0.
19:37 of 1st period - Jamie Arniel wins face-off versus Mikael Backlund in neutral zone.
19:42 of 1st period - Wrist shot by Petr Pohl.
19:42 of 1st period - Stopped by Sergei Bobrovsky with a rebound.
Goals for this period are 2 for Atomiques vs 0 for Tamiflu.
Shots for this period are 12 for Atomiques vs 11 for Tamiflu.

2nd period


0:01 of 2nd period - Jamie Arniel wins face-off versus Mikael Backlund in neutral zone.
0:10 of 2nd period - Branko Radivojevic is hit by Petr Pohl and loses puck.
0:25 of 2nd period - Philip Samuelsson is hit by Ryan Shannon and loses puck.
1:40 of 2nd period - Wrist shot by Tye McGinn.
1:40 of 2nd period - Stopped by Sergei Bobrovsky with a rebound.
1:50 of 2nd period - Nathan Oystrick is hit by Dmitri Orlov and loses puck.
1:57 of 2nd period - Slapshot by Tyler Brenner.
1:57 of 2nd period - Shot Blocked by Stefan Elliott.
2:01 of 2nd period - Wrist shot by Ryan Shannon.
2:01 of 2nd period - Stopped by Thomas Greiss without a rebound.
2:02 of 2nd period - Jamie Arniel wins face-off versus Mikael Backlund in Tamiflu zone.
2:02 of 2nd period - Jamie Arniel is hit by Mikael Backlund.
2:24 of 2nd period - Minor Penalty to Roman Polak for High sticking.
2:25 of 2nd period - Branko Radivojevic wins face-off versus Greg Mauldin in Atomiques zone.
2:32 of 2nd period - Snap shot by Robert Dome.
2:32 of 2nd period - Stopped by Sergei Bobrovsky with a rebound.
2:34 of 2nd period - Snap shot by Robert Dome.
2:34 of 2nd period - Stopped by Sergei Bobrovsky with a rebound.
4:24 of 2nd period - Penalty to Roman Polak is over, Roman Polak is back on ice.
4:29 of 2nd period - Tyler Brenner is hit by Adam Larsson and loses puck.
4:43 of 2nd period - Snap shot by Tyler Brenner.
4:43 of 2nd period - Stopped by Thomas Greiss with a rebound.
4:49 of 2nd period - Wrist shot by Tyler Brenner.
4:49 of 2nd period - Goal by Tyler Brenner - Atomiques : 3 - Tamiflu : 0.
4:50 of 2nd period - Jamie Arniel wins face-off versus Tyler Brenner in neutral zone.
5:17 of 2nd period - Shawn Belle is hit by Nino Niederreiter and loses puck.
5:24 of 2nd period - Slapshot by Robert Dome.
5:24 of 2nd period - Stopped by Sergei Bobrovsky without a rebound.
5:25 of 2nd period - Marc-André Cliche wins face-off versus Greg Mauldin in Atomiques zone.
6:52 of 2nd period - Wrist shot by Marc-André Cliche.
6:52 of 2nd period - Shot Misses the Net.
7:00 of 2nd period - Slapshot by Alex Berry.
7:00 of 2nd period - Stopped by Thomas Greiss without a rebound.
7:01 of 2nd period - Mikael Backlund wins face-off versus Jamie Arniel in Tamiflu zone.
7:26 of 2nd period - Stefan Elliott is hit by Colby Cohen and loses puck.
7:31 of 2nd period - Slapshot by Ryan Shannon.
7:31 of 2nd period - Stopped by Thomas Greiss without a rebound.
7:32 of 2nd period - Mikael Backlund wins face-off versus Greg Mauldin in Tamiflu zone.
7:57 of 2nd period - Ryan Shannon is hit by Tye McGinn and loses puck.
8:02 of 2nd period - Wrist shot by Petr Pohl.
8:02 of 2nd period - Stopped by Sergei Bobrovsky with a rebound.
8:04 of 2nd period - Slapshot by Justin Braun.
8:04 of 2nd period - Shot Misses the Net.
8:06 of 2nd period - Wrist shot by Tye McGinn.
8:06 of 2nd period - Shot Misses the Net.
8:08 of 2nd period - Slapshot by Tye McGinn.
8:08 of 2nd period - Shot Misses the Net.
8:10 of 2nd period - Wrist shot by Petr Pohl.
8:10 of 2nd period - Shot Blocked by Kenndal McArdle.
8:24 of 2nd period - Backhand shot by Andrew Kozek.
8:24 of 2nd period - Shot Misses the Net.
8:26 of 2nd period - Slapshot by Kyle Wharton.
8:26 of 2nd period - Stopped by Thomas Greiss with a rebound.
8:28 of 2nd period - Wrist shot by Alex Berry.
8:28 of 2nd period - Stopped by Thomas Greiss with a rebound.
8:30 of 2nd period - Slapshot by Kyle Wharton.
8:30 of 2nd period - Shot Misses the Net.
8:47 of 2nd period - Minor Penalty to Dwight King for Goalie Interference.
8:48 of 2nd period - Tye McGinn wins face-off versus Branko Radivojevic in Atomiques zone.
8:58 of 2nd period - Wrist shot by Jamie Arniel.
8:58 of 2nd period - Goal by Jamie Arniel - Atomiques : 3 - Tamiflu : 1.
8:59 of 2nd period - Petr Pohl wins face-off versus Mikael Backlund in neutral zone.
9:52 of 2nd period - Snap shot by Alex Berry.
9:52 of 2nd period - Stopped by Thomas Greiss with a rebound.
10:10 of 2nd period - Backhand shot by Colin Greening.
10:10 of 2nd period - Stopped by Sergei Bobrovsky without a rebound.
10:11 of 2nd period - Mikael Backlund wins face-off versus Lucas Lessio in Atomiques zone.
10:25 of 2nd period - Dwight King is hit by Casey Wellman and loses puck.
10:42 of 2nd period - Icing by Colin Greening.
10:43 of 2nd period - Colin Greening wins face-off versus Tyler Brenner in Tamiflu zone.
10:43 of 2nd period - Colin Greening is hit by Shawn Belle.
11:44 of 2nd period - Robert Dome is hit by Dwight King.
12:04 of 2nd period - Backhand shot by Brett Sutter.
12:04 of 2nd period - Shot Misses the Net.
12:06 of 2nd period - Slapshot by Davis Drewiske.
12:06 of 2nd period - Stopped by Thomas Greiss without a rebound.
12:07 of 2nd period - Jamie Arniel wins face-off versus Mikael Backlund in Tamiflu zone.
12:12 of 2nd period - Snap shot by Tye McGinn.
12:12 of 2nd period - Shot Misses the Net.
12:20 of 2nd period - Snap shot by Branko Radivojevic.
12:20 of 2nd period - Shot Misses the Net.
12:32 of 2nd period - Robert Dome is hit by Colby Cohen.
12:36 of 2nd period - Tyler Brenner is hit by Greg Mauldin and loses puck.
12:51 of 2nd period - Kyle Wharton is hit by Jan Mursak and loses puck.
14:15 of 2nd period - Snap shot by Mike Duco.
14:15 of 2nd period - Stopped by Sergei Bobrovsky without a rebound.
14:16 of 2nd period - Marc-André Cliche wins face-off versus Mattias Tedenby in Atomiques zone.
14:16 of 2nd period - Marc-André Cliche is hit by Jan Mursak.
14:24 of 2nd period - Slapshot by Marc-André Cliche.
14:24 of 2nd period - Stopped by Thomas Greiss with a rebound.
14:40 of 2nd period - Slapshot by Mattias Tedenby.
14:40 of 2nd period - Shot Misses the Net.
14:42 of 2nd period - Slapshot by Mattias Tedenby.
14:42 of 2nd period - Shot Misses the Net.
14:44 of 2nd period - Snap shot by Jan Mursak.
14:44 of 2nd period - Shot Misses the Net.
14:46 of 2nd period - Slapshot by Jordan Hendry.
14:46 of 2nd period - Shot Blocked by Andrew Kozek.
14:48 of 2nd period - Slapshot by Adam Larsson.
14:48 of 2nd period - Shot Misses the Net.
14:50 of 2nd period - Slapshot by Justin Braun.
14:50 of 2nd period - Shot Misses the Net.
14:52 of 2nd period - Slapshot by Jordan Hendry.
14:52 of 2nd period - Shot Misses the Net.
14:54 of 2nd period - Snap shot by Philip Samuelsson.
14:54 of 2nd period - Stopped by Sergei Bobrovsky with a rebound.
14:58 of 2nd period - Snap shot by Mike Duco.
14:58 of 2nd period - Shot Blocked by Alex Berry.
15:00 of 2nd period - Slapshot by Jan Mursak.
15:00 of 2nd period - Stopped by Sergei Bobrovsky without a rebound.
15:01 of 2nd period - Mikael Backlund wins face-off versus Jamie Arniel in Atomiques zone.
15:08 of 2nd period - Slapshot by Mikael Backlund.
15:08 of 2nd period - Shot Misses the Net.
15:18 of 2nd period - Shawn Belle is hit by Petr Pohl and loses puck.
15:56 of 2nd period - Slapshot by Kyle Wharton.
15:56 of 2nd period - Stopped by Thomas Greiss with a rebound.
15:58 of 2nd period - Slapshot by John McCarthy.
15:58 of 2nd period - Stopped by Thomas Greiss without a rebound.
15:59 of 2nd period - Mikael Backlund wins face-off versus Jamie Arniel in Tamiflu zone.
16:06 of 2nd period - Wrist shot by Tye McGinn.
16:06 of 2nd period - Stopped by Sergei Bobrovsky with a rebound.
16:08 of 2nd period - Slapshot by Jamie Arniel.
16:08 of 2nd period - Shot Blocked by Mikael Backlund.
16:10 of 2nd period - Slapshot by Justin Braun.
16:10 of 2nd period - Shot Misses the Net.
16:12 of 2nd period - Slapshot by Tye McGinn.
16:12 of 2nd period - Goal by Tye McGinn - Atomiques : 3 - Tamiflu : 2.
16:13 of 2nd period - Petr Pohl wins face-off versus Mikael Backlund in neutral zone.
16:18 of 2nd period - Slapshot by Jamie Arniel.
16:18 of 2nd period - Shot Blocked by Mikael Backlund.
16:22 of 2nd period - Slapshot by Petr Pohl.
16:22 of 2nd period - Stopped by Sergei Bobrovsky without a rebound.
16:23 of 2nd period - Jamie Arniel wins face-off versus Mikael Backlund in Atomiques zone.
16:49 of 2nd period - Minor Penalty to Dwight King for Hooking.
16:50 of 2nd period - Branko Radivojevic wins face-off versus Greg Mauldin in Atomiques zone.
16:59 of 2nd period - Off-side.
17:00 of 2nd period - Branko Radivojevic wins face-off versus Greg Mauldin in neutral zone.
17:11 of 2nd period - Slapshot by Jordan Hendry.
17:11 of 2nd period - Stopped by Sergei Bobrovsky without a rebound.
17:12 of 2nd period - Mikael Backlund wins face-off versus Jamie Arniel in Atomiques zone.
18:48 of 2nd period - Icing by Philip Samuelsson.
18:49 of 2nd period - Penalty to Dwight King is over, Dwight King is back on ice.
18:49 of 2nd period - Marc-André Cliche wins face-off versus Jamie Arniel in Tamiflu zone.
19:02 of 2nd period - Dmitri Orlov is hit by Mike Duco and loses puck.
19:16 of 2nd period - Icing by Mattias Tedenby.
19:17 of 2nd period - Colin Greening wins face-off versus Tyler Brenner in Tamiflu zone.
19:17 of 2nd period - Colin Greening is hit by Tyler Brenner.
19:25 of 2nd period - Casey Wellman is hit by Ryan Shannon.
19:43 of 2nd period - Robert Dome is hit by Dwight King.
19:47 of 2nd period - Snap shot by Dwight King.
19:47 of 2nd period - Deflect By Mikael Backlund.
19:47 of 2nd period - Shot Misses the Net.
19:47 of 2nd period - Puck is out of play.
19:48 of 2nd period - Branko Radivojevic wins face-off versus Jamie Arniel in Tamiflu zone.
19:55 of 2nd period - Slapshot by Mikael Backlund.
19:55 of 2nd period - Stopped by Thomas Greiss with a rebound.
19:58 of 2nd period - Icing by Jamie Arniel.
19:59 of 2nd period - Jamie Arniel wins face-off versus Mikael Backlund in Tamiflu zone.
19:59 of 2nd period - Jamie Arniel is hit by Dwight King.
Goals for this period are 1 for Atomiques vs 2 for Tamiflu.
Shots for this period are 13 for Atomiques vs 14 for Tamiflu.

3rd period


0:01 of 3rd period - Greg Mauldin wins face-off versus Mikael Backlund in neutral zone.
0:47 of 3rd period - Andrew Kozek is hit by Mattias Tedenby and loses puck.
1:04 of 3rd period - Snap shot by Brett Sutter.
1:04 of 3rd period - Stopped by Thomas Greiss with a rebound.
1:06 of 3rd period - Snap shot by Brett Sutter.
1:06 of 3rd period - Shot Blocked by Adam Larsson.
1:56 of 3rd period - Slapshot by Tye McGinn.
1:56 of 3rd period - Shot Misses the Net.
2:02 of 3rd period - Minor Penalty to Tyler Brenner for Hooking.
2:03 of 3rd period - Branko Radivojevic wins face-off versus Petr Pohl in Atomiques zone.
2:33 of 3rd period - Slapshot by Robert Dome.
2:33 of 3rd period - Stopped by Sergei Bobrovsky with a rebound.
2:35 of 3rd period - Slapshot by Greg Mauldin.
2:35 of 3rd period - Goal by Greg Mauldin - Atomiques : 3 - Tamiflu : 3.
2:36 of 3rd period - Greg Mauldin wins face-off versus Mikael Backlund in neutral zone.
2:39 of 3rd period - Dwight King is hit by Robert Dome and loses puck.
2:46 of 3rd period - Slapshot by Roman Polak.
2:46 of 3rd period - Stopped by Thomas Greiss without a rebound.
2:47 of 3rd period - Jamie Arniel wins face-off versus Mikael Backlund in Tamiflu zone.
3:13 of 3rd period - Minor Penalty to Robert Dome for Hooking.
3:14 of 3rd period - Mikael Backlund wins face-off versus Petr Pohl in Tamiflu zone.
3:19 of 3rd period - Slapshot by Mikael Backlund.
3:19 of 3rd period - Stopped by Thomas Greiss with a rebound.
3:21 of 3rd period - Backhand shot by Davis Drewiske.
3:21 of 3rd period - Stopped by Thomas Greiss with a rebound.
3:23 of 3rd period - Slapshot by Mikael Backlund.
3:23 of 3rd period - Stopped by Thomas Greiss with a rebound.
3:25 of 3rd period - Backhand shot by Davis Drewiske.
3:25 of 3rd period - Shot Blocked by Petr Pohl.
3:27 of 3rd period - Slapshot by Shawn Belle.
3:27 of 3rd period - Shot Blocked by Jan Mursak.
3:29 of 3rd period - Snap shot by Branko Radivojevic.
3:29 of 3rd period - Shot Blocked by Jan Mursak.
3:42 of 3rd period - Icing by Tyler Brenner.
3:43 of 3rd period - Petr Pohl wins face-off versus Tyler Brenner in Atomiques zone.
3:54 of 3rd period - Wrist shot by Tyler Brenner.
3:54 of 3rd period - Shot Misses the Net.
3:56 of 3rd period - Wrist shot by Kenndal McArdle.
3:56 of 3rd period - Stopped by Thomas Greiss without a rebound.
3:57 of 3rd period - Mikael Backlund wins face-off versus Petr Pohl in Tamiflu zone.
4:00 of 3rd period - Wrist shot by Branko Radivojevic.
4:00 of 3rd period - Shot Misses the Net.
4:02 of 3rd period - Snap shot by Branko Radivojevic.
4:02 of 3rd period - Deflect By Jordan Hendry.
4:02 of 3rd period - Stopped by Thomas Greiss with a rebound.
4:04 of 3rd period - Slapshot by Shawn Belle.
4:04 of 3rd period - Shot Blocked by Jan Mursak.
4:22 of 3rd period - Kyle Wharton is hit by Jamie Arniel and loses puck.
4:43 of 3rd period - Wrist shot by Mikael Backlund.
4:43 of 3rd period - Stopped by Thomas Greiss with a rebound.
4:56 of 3rd period - Icing by Branko Radivojevic.
4:57 of 3rd period - Mikael Backlund wins face-off versus Greg Mauldin in Atomiques zone.
5:10 of 3rd period - Greg Mauldin is hit by Ryan Shannon.
5:13 of 3rd period - Penalty to Robert Dome is over, Robert Dome is back on ice.
5:31 of 3rd period - Minor Penalty to Andrew Kozek for Delaying the game.
5:32 of 3rd period - Jamie Arniel wins face-off versus Branko Radivojevic in Atomiques zone.
6:21 of 3rd period - Off-side.
6:22 of 3rd period - Branko Radivojevic wins face-off versus Jamie Arniel in neutral zone.
6:26 of 3rd period - Minor Penalty to Tye McGinn for Hooking.
6:27 of 3rd period - Petr Pohl wins face-off versus Branko Radivojevic in Tamiflu zone.
7:30 of 3rd period - Slapshot by Shawn Belle.
7:30 of 3rd period - Stopped by Thomas Greiss with a rebound.
7:31 of 3rd period - Penalty to Andrew Kozek is over, Andrew Kozek is back on ice.
8:26 of 3rd period - Penalty to Tye McGinn is over, Tye McGinn is back on ice.
8:46 of 3rd period - Stefan Elliott is hit by Kyle Wharton and loses puck.
9:23 of 3rd period - Backhand shot by Jamie Arniel.
9:23 of 3rd period - Shot Misses the Net.
10:14 of 3rd period - Philip Samuelsson is hit by Roman Polak and loses puck.
11:13 of 3rd period - Minor Penalty to Colby Cohen for Holding.
11:14 of 3rd period - Greg Mauldin wins face-off versus Branko Radivojevic in Atomiques zone.
11:28 of 3rd period - Snap shot by Nathan Oystrick.
11:28 of 3rd period - Deflect By Nino Niederreiter.
11:28 of 3rd period - Stopped by Sergei Bobrovsky with a rebound.
11:30 of 3rd period - Wrist shot by Nino Niederreiter.
11:30 of 3rd period - Deflect By Greg Mauldin.
11:30 of 3rd period - Goal by Greg Mauldin - Atomiques : 3 - Tamiflu : 4.
11:31 of 3rd period - Jamie Arniel wins face-off versus Mikael Backlund in neutral zone.
11:39 of 3rd period - Slapshot by Davis Drewiske.
11:39 of 3rd period - Shot Blocked by Philip Samuelsson.
11:59 of 3rd period - Slapshot by Jordan Hendry.
11:59 of 3rd period - Shot Misses the Net.
12:01 of 3rd period - Snap shot by Robert Dome.
12:01 of 3rd period - Shot Blocked by Tyler Brenner.
12:03 of 3rd period - Slapshot by Robert Dome.
12:03 of 3rd period - Deflect By Greg Mauldin.
12:03 of 3rd period - Shot Blocked by Davis Drewiske.
12:03 of 3rd period - Puck is out of play.
12:04 of 3rd period - Tyler Brenner wins face-off versus Greg Mauldin in Atomiques zone.
12:31 of 3rd period - Justin Braun is hit by Branko Radivojevic.
13:16 of 3rd period - Wrist shot by Brett Sutter.
13:16 of 3rd period - Shot Misses the Net.
13:31 of 3rd period - Off-side.
13:32 of 3rd period - Tyler Brenner wins face-off versus Colin Greening in neutral zone.
13:44 of 3rd period - Minor Penalty to Lucas Lessio for Hooking.
13:45 of 3rd period - Petr Pohl wins face-off versus Mikael Backlund in Tamiflu zone.
13:55 of 3rd period - Slapshot by Shawn Belle.
13:55 of 3rd period - Stopped by Thomas Greiss without a rebound.
13:56 of 3rd period - Mikael Backlund wins face-off versus Petr Pohl in Tamiflu zone.
15:33 of 3rd period - Adam Larsson is hit by Branko Radivojevic and loses puck.
15:44 of 3rd period - Penalty to Lucas Lessio is over, Lucas Lessio is back on ice.
15:44 of 3rd period - Tye McGinn is hit by Ryan Shannon and loses puck.
15:52 of 3rd period - Icing by Tye McGinn.
15:53 of 3rd period - Marc-André Cliche wins face-off versus Greg Mauldin in Tamiflu zone.
16:40 of 3rd period - Minor Penalty to Tyler Brenner for High sticking.
16:41 of 3rd period - Jamie Arniel wins face-off versus Branko Radivojevic in Atomiques zone.
16:41 of 3rd period - Wrist shot by Petr Pohl.
16:41 of 3rd period - Stopped by Sergei Bobrovsky without a rebound.
16:42 of 3rd period - Jamie Arniel wins face-off versus Branko Radivojevic in Atomiques zone.
16:55 of 3rd period - Wrist shot by Petr Pohl.
16:55 of 3rd period - Stopped by Sergei Bobrovsky with a rebound.
17:33 of 3rd period - Snap shot by Mikael Backlund.
17:33 of 3rd period - Shot Misses the Net.
18:10 of 3rd period - Kyle Wharton is hit by Tye McGinn and loses puck.
18:21 of 3rd period - Brett Sutter is hit by Jordan Hendry and loses puck.
18:40 of 3rd period - Penalty to Tyler Brenner is over, Tyler Brenner is back on ice.
18:52 of 3rd period - Adam Larsson is hit by Dwight King and loses puck.
18:58 of 3rd period - Off-side.
18:59 of 3rd period - Cory Clouston call a timeout for Atomiques.
18:59 of 3rd period - Mikael Backlund wins face-off versus Colin Greening in neutral zone.
19:02 of 3rd period - Atomiques, Sergei Bobrovsky is pulled from the net.
19:11 of 3rd period - Jan Mursak is hit by Dwight King and loses puck.
19:15 of 3rd period - Adam Larsson is hit by Davis Drewiske and loses puck.
19:20 of 3rd period - Snap shot by Colin Greening.
19:20 of 3rd period - Goal by Colin Greening - Atomiques : 3 - Tamiflu : 5.
19:20 of 3rd period - Sergei Bobrovsky from Atomiques was sent back in the game.
19:21 of 3rd period - Marc-André Cliche wins face-off versus Mattias Tedenby in neutral zone.
19:48 of 3rd period - Icing by Shawn Belle.
19:49 of 3rd period - Ryan Shannon wins face-off versus Jamie Arniel in Atomiques zone.
19:55 of 3rd period - Off-side.
19:56 of 3rd period - Marc-André Cliche wins face-off versus Mattias Tedenby in neutral zone.
19:58 of 3rd period - Off-side.
19:59 of 3rd period - Marc-André Cliche wins face-off versus Mattias Tedenby in neutral zone.
Goals for this period are 0 for Atomiques vs 3 for Tamiflu.
Shots for this period are 10 for Atomiques vs 7 for Tamiflu.